 Dungeon Crawl Stone Soup version 0.30-a0-1112-gfb780f5df6 (webtiles) character file.

Game seed: 1847414139524760713

387 Aneyh the Chopper (level 6, -2/40 HPs)
             Began as a Tengu Fighter on Apr 19, 2023.
             Slain by a gnoll
             ... wielding a +0 halberd
             ... led by a gnoll bouda
              (10 damage)
             ... on level 4 of the Dungeon.
             The game lasted 00:03:19 (2571 turns).

Aneyh the Chopper (Tengu Fighter)                   Turns: 2571, Time: 00:03:21

Health: -2/40      AC:  6    Str: 18    XL:     6   Next: 78%
Magic:  7/7        EV: 10    Int:  8    God:
Gold:   229        SH:  5    Dex: 14    Spells: 5/5 levels left

rFire   . . .      SeeInvis .    a - +0 war axe
rCold   . . .      Faith    .    c - +0 buckler
rNeg    . . .      Spirit   .    o - +0 scale mail
rPois   .          Reflect  .    (helmet restricted)
rElec   .          Rampage  .    (no cloak)
rCorr   .                        (no gloves)
Will    .....                    (boots unavailable) Stlth
                                 g - amulet of the acrobat
HPRegen 0.26/turn                (no ring)
MPRegen 0.10/turn                (no ring)

@: flying quickly and evasively, quick
A: beak, talons 3, nimble flight
a: no special abilities


You were on level 4 of the Dungeon.
You visited 1 branch of the dungeon, and saw 4 of its levels.

You collected 229 gold pieces.

Inventory:

Hand Weapons
 a - a +0 war axe (weapon)
 b - a +1 short sword of protection
 v - a +0 trident
Missiles
 y - a throwing net (quivered)
Armour
 c - a +0 buckler (worn)
 o - a +0 scale mail (worn)
Magical Staves
 m - a staff of death
Jewellery
 g - an amulet of the acrobat (around neck)
 B - a ring of positive energy
Wands
 u - a wand of polymorph (11)
 x - a wand of iceblast (8)
Scrolls
 h - a scroll of noise {unknown}
 j - 6 scrolls of identify {unknown}
 l - a scroll of fog {unknown}
 p - a scroll of vulnerability {unknown}
 r - 2 scrolls of teleportation {unknown}
 s - a scroll of brand weapon {unknown}
 t - a scroll of fear {unknown}
 z - a scroll of poison {unknown}
 A - a scroll of acquirement {unknown}
Potions
 d - 3 potions of might
 e - a potion of brilliance {unknown}
 f - a potion of berserk rage {unknown}
 i - 2 potions of heal wounds {unknown}
 k - 5 potions of curing {unknown}
 n - a potion of invisibility {unknown}
 q - 3 potions of flight {unknown}
 w - a potion of degeneration {unknown}


   Skills:
 * Level 5.3 Fighting
 + Level 6.0 Axes
 - Level 3.2 Armour
 - Level 3.0 Shields


You had 5 spell levels left.
You didn't know any spells.
Your spell library contained the following spells:

 Spells                   Type           Power      Damage    Failure   Level
 Freeze                   Ice            0%         1d3       87%         1
 Frozen Ramparts          Ice            0%         1d1       99%         3
 Hailstorm                Conj/Ice       0%         3d3       99%         3


Dungeon Overview and Level Annotations

Branches:
Dungeon (4/15)
 Temple: D:4-7

Altars:
Zin


Innate Abilities, Weirdness & Mutations

You have a beak for a mouth.
You have claws for feet.
Your magical nature lets you fly swiftly and evasively.


Message History

The gnoll barely misses you.
The gnoll hits you from afar with a +0 halberd!
The gnoll bouda hits you but does no damage.
You hit the gnoll bouda but do no damage.
You claw the gnoll bouda! You peck the gnoll bouda.
The gnoll bouda is severely wounded.
The gnoll barely misses you. The gnoll bouda barely misses you.
You closely miss the gnoll bouda. You peck the gnoll bouda.
The gnoll bouda is severely wounded.
The gnoll barely misses you.
The gnoll bouda hits you with a +0 club!
You hit the gnoll bouda but do no damage.
You claw the gnoll bouda.
You kill the gnoll bouda!
The gnoll hits you but does no damage. The gnoll hits you with a +0 club.
Your Axes skill increases to level 6!
The gnoll attacks as you move away! The gnoll closely misses you.
You hit the gnoll but do no damage. You peck the gnoll.
The gnoll is lightly wounded.
The gnoll closely misses you.
You hit the gnoll. Your kick misses the gnoll. You peck the gnoll.
The gnoll is almost dead.
You closely miss the gnoll. You block the gnoll's attack.
The gnoll hits you from afar with a +0 halberd!
The gnoll hits you but does no damage. The gnoll completely misses you.
The gnoll closely misses you. The gnoll attacks as you move away!
The gnoll completely misses you.
Okay, then.
The gnoll attacks as you move away! You block the gnoll's attack.
The gnoll is no longer moving quickly.
The gnoll is no longer moving quickly.
The gnoll is no longer moving quickly.
You hit the gnoll. You peck the gnoll, but do no damage.
The gnoll is heavily wounded.
You closely miss the gnoll. The gnoll closely misses you.
The gnoll hits you with a +0 whip!
* * * LOW HITPOINT WARNING * * *
The gnoll hits you from afar with a +0 halberd!
You die...

#.....# # #.....#
#.##### #.#
##'#########
#..........#
#..........#
#......g...#
#....gg@...#
#.....g....# ####
#..........#
#....##..........#
+....)...#########
#....#####<# #...
#.# #.. #.# #. #.#


You could see 4 gnolls.

Vanquished Creatures
  A phantom (D:4)
  2 hounds (D:4)
  A jelly (D:4)
  A gnoll bouda (D:4)
  Terence (D:2)
  3 gnolls (D:3)
  4 adders (D:2)
  2 worms (D:2)
  2 dart slugs
  4 orcs (D:3)
  2 endoplasms
  15 giant cockroaches
  4 goblins
  10 hobgoblins
  8 jackals (D:4)
  6 kobolds
  3 quokkas
  8 ball pythons
  2 bats (D:1)
  4 frilled lizards
  7 rats
90 creatures vanquished.

Notes
Turn   | Place    | Note
-------+----------+-------------------------------------------
     0 | D:1      | Aneyh the Tengu Fighter began the quest for the Orb.
     0 | D:1      | Reached XP level 1. HP: 14/14 MP: 2/2
   102 | D:1      | Reached XP level 2. HP: 17/19 MP: 3/3
   348 | D:1      | Reached XP level 3. HP: 24/24 MP: 4/4
   740 | D:1      | Found a faded altar of an unknown god.
   923 | D:2      | Reached skill level 3 in Axes
  1019 | D:2      | Reached XP level 4. HP: 29/29 MP: 5/5
  1117 | D:2      | Noticed Terence
  1127 | D:2      | Killed Terence
  1450 | D:2      | Reached skill level 4 in Axes
  1450 | D:2      | Gained mutation: Your magical nature lets you fly swiftly
                  | and evasively. [Tengu growth]
  1450 | D:2      | Reached XP level 5. HP: 34/34 MP: 6/6
  2044 | D:3      | Found a glowing silver altar of Zin.
  2304 | D:4      | Noticed a phantom
  2332 | D:4      | Killed a phantom
  2333 | D:4      | Reached skill level 5 in Fighting
  2333 | D:4      | Reached skill level 5 in Axes
  2333 | D:4      | Reached XP level 6. HP: 21/40 MP: 7/7
  2534 | D:4      | Identified the +1 robe "Birerug" {rPois Will- Dex+7}
  2562 | D:4      | Reached skill level 6 in Axes
  2571 | D:4      | Slain by a gnoll

Illustrated notes

Levels and vault maps discovered:
D:1:      dpeg_arrival_yet_another_circle, layout_basic,
          hellmonk_ecumenical_altar_inner_sanctum, minmay_domino_2
D:2:      layout_basic, minmay_vboxes, uniq_terence
D:3:      minmay_roachtagon, layout_basic, zin_statuary, nrook_uturn
D:4:      layout_basic, fedhas_altar_2

Skill      XL: |  1  2  3  4  5  6 |
---------------+-------------------+-----
Fighting       | 4 5 |  5.3
Axes           | 3 4 5 6 |  6.0
Armour         | |  3.2
Shields        | |  3.0

Action                     |  1- 3 |  4- 6 || total
---------------------------+-------+-------++-------
  Melee: War axe           |    63 |   125 ||   188
         Kick              |    10 |    35 ||    45
         Peck              |     9 |    18 ||    27
 Armour: Scale mail        |    25 |    49 ||    74
  Dodge: Dodged            |    38 |    91 ||   129
  Block: Buckler           |    11 |    44 ||    55

Table legend: (Time is in decaauts)
 A = Elapsed time spent in this place.
 B = Non-inter-level travel time spent in this place.
 C = Inter-level travel time spent in this place.
 D = Time resting spent in this place.
 E = Time spent auto-exploring this place.
 F = Levels seen in this place.
 G = Mean time per level.
                   A        B        C        D        E       F      G
               +--------+--------+--------+--------+--------+-----+--------+
         Total |   2561 |   2470 |     91 |    257 |   1687 |   4 |  640.2 |
       Dungeon |   2561 |   2470 |     91 |    257 |   1687 |   4 |  640.2 |
               +--------+--------+--------+--------+--------+-----+--------+

Top non-repeatable levels by time:
     D:1: 917 daAuts
     D:3: 675 daAuts
     D:2: 630 daAuts
     D:4: 339 daAuts
